 Dungeon Crawl Stone Soup version 0.29.0-4-gdea44cf6ec (webtiles) character file.

Game seed: 6410175195499978286

22 qw the Vexing (level 2, -1/27 HPs)
             Began as an Ogre Enchanter on Sept 3, 2022.
             Slain by a worm (6 damage)
             ... on level 2 of the Dungeon.
             The game lasted 00:01:03 (2686 turns).

qw the Vexing (Ogre Enchanter)                      Turns: 2686, Time: 00:01:03

Health: -1/27      AC:  3    Str: 11    XL:     2   Next: 91%
Magic:  5/5        EV:  9    Int: 16    God:
Gold:   37         SH:  0    Dex:  9    Spells: 5/5 levels left

rFire   . . .      SeeInvis .   a - +0 hand axe
rCold   . . .      Faith    .   (no shield)
rNeg    . . .      Spirit   .   b - +0 robe
rPois   .          Reflect  .   (helmet restricted)
rElec   .          Harm     .   (no cloak)
rCorr   .          Rampage  .   (gloves unavailable)
Will    .....                   (boots unavailable)
Stlth   ++........              (no amulet)
HPRegen 0.09/turn               (no ring)
MPRegen 0.09/turn               (no ring)

@: no status effects
A: large, unfitting armour, tough skin 1
a: no special abilities


You were on level 2 of the Dungeon.
You visited 1 branch of the dungeon, and saw 2 of its levels.

You collected 37 gold pieces.


Innate Abilities, Weirdness & Mutations

You are too large for most types of armour.
You have tough skin. (AC +1)


   Skills:
 + Level 1.5 Fighting
 - Level 0.8 Short Blades
 - Level 2.0 Axes
 - Level 1.7 Dodging
 - Level 2.1 Stealth
 - Level 2.4 Spellcasting
 - Level 2.6 Hexes


You had 5 spell levels left.
You didn't know any spells.
Your spell library contained the following spells:

 Spells                   Type           Power      Damage    Failure   Level
 Ensorcelled Hibernation  Hex/Ice        12%        N/A       17%         2
 Confusing Touch          Hex            10%        N/A       21%         3
 Tukima's Dance           Hex            10%        N/A       21%         3
 Dazzling Flash           Conj/Hex       12%        N/A       34%         3

Inventory:

Hand Weapons
 a - a +0 hand axe (weapon)
 Y - a +1 club
Armour
 b - a +0 robe (worn)
Jewellery
 c - a ring of fire
Scrolls
 d - a scroll of identify
Potions
 f - a potion of mutation {unknown}
 h - a potion of curing {unknown}
 i - a potion of heal wounds {unknown}

Dungeon Overview and Level Annotations

Branches:
Dungeon (2/15)

Altars:
Hepliaklqana


Message History

You hit the dart slug.
The dart slug is moderately wounded.
You hit the dart slug.
The dart slug is heavily wounded.
The dart slug launches a dart at you. The slug dart hits you.
You hit the dart slug.
The dart slug is almost dead.
The dart slug bites you.
You hit the dart slug.
You kill the dart slug!
You start resting.
HP restored.
You now have 37 gold pieces (gained 7).
A worm comes into view.
Found a stone staircase leading down.
Enter note: You hit the worm.
The worm is lightly wounded.
The worm bites you.
You hit the worm.
The worm is lightly wounded.
You barely miss the worm.
The worm is lightly wounded.
The worm bites you.
You hit the worm.
The worm is moderately wounded.
The worm bites you but does no damage.
You barely miss the worm.
The worm is moderately wounded.
The worm bites you.
You hit the worm.
The worm is moderately wounded.
You hit the worm.
The worm is severely wounded.
The worm bites you!
You hit the worm.
The worm is almost dead.
The worm bites you.
You die...

#>. ##.. ....
..# ... #.# #w#
#@## ##
#..##.## .
.#####......#..
..............#
####...........
....#.......###
###.##...###.#
#......# ... ..
..w#
#####..###.##


You could see a worm.

Vanquished Creatures
  A worm (D:2)
  A dart slug (D:2)
  A ball python (D:1)
  A giant cockroach (D:1)
  2 goblins (D:1)
  2 hobgoblins (D:1)
  4 bats (D:1)
  A frilled lizard (D:1)
  2 kobolds (D:1)
  2 rats (D:1)
17 creatures vanquished.

Notes
Turn   | Place    | Note
-------+----------+-------------------------------------------
     0 | D:1      | qw the Ogre Enchanter began the quest for the Orb.
     0 | D:1      | Reached XP level 1. HP: 16/16 MP: 3/3
     0 | D:1      | 0 ||| qw: Version: 0.1-a-102-g441f92d
     0 | D:1      | 0 ||| qw: Game counter: 5226
     0 | D:1      | 0 ||| qw: Always use a shield: true
     0 | D:1      | 0 ||| qw: God list: Okawaru
     0 | D:1      | 0 ||| qw: Allow faded altars: false
     0 | D:1      | 0 ||| qw: Do Orc after D:15 true
     0 | D:1      | 0 ||| qw: Do second Lair branch before Depths: true
     0 | D:1      | 0 ||| qw: Lair rune preference: random
     0 | D:1      | 0 ||| qw: Plans: Normal
     0 | D:1      | 0 ||| PLANNING D:1-11
    19 | D:1      | 19 ||| SWAPPING to +0 club.
    20 | D:1      | 20 ||| DROPPING +1 dagger.
   569 | D:1      | Found a faded altar of an unknown god.
   586 | D:1      | Reached skill level 1 in Axes
   630 | D:1      | 630 ||| Stepping ~*~*~tactically~*~*~ (stealth).
   779 | D:1      | Reached skill level 1 in Fighting
   834 | D:1      | 834 ||| Stepping ~*~*~tactically~*~*~ (stealth).
   838 | D:1      | 838 ||| Stepping ~*~*~tactically~*~*~ (stealth).
   840 | D:1      | 840 ||| Stepping ~*~*~tactically~*~*~ (stealth).
   865 | D:1      | HP: 4/19 [goblin/+0 dagger (2)]
   869 | D:1      | Reached XP level 2. HP: 4/27 MP: 5/5
  2126 | D:1      | 2126 ||| READING 2 scrolls labelled CIESHR VISU.
  2127 | D:1      | 2127 ||| READING scroll labelled TIBAUN FURAPE.
  2128 | D:1      | 2128 ||| READING scroll labelled FEOWABBAJEID.
  2129 | D:1      | 2129 ||| READING scroll labelled TUUSHR PAZISA.
  2130 | D:1      | 2130 ||| READING scroll labelled RAMUSCH OTEGYRY.
  2131 | D:1      | 2131 ||| READING scroll labelled RIEDEO GOVAIW.
  2132 | D:1      | 2132 ||| DROPPING 2 potions of invisibility.
  2157 | D:2      | 2157 ||| SWAPPING to +0 hand axe.
  2162 | D:2      | Found a hazy altar of Hepliaklqana.
  2201 | D:2      | HP: 2/27 [worm (6)]
  2272 | D:2      | 2272 ||| FLEEEEING.
  2685 | D:2      | HP: 5/27 [worm (11)]
  2686 | D:2      | Slain by a worm

Levels and vault maps discovered:
D:1:      tarquinn_simple_flora_water_e, layout_basic,
          shapermc_ecumenical_altar_mp_highgroup, minmay_hedge_maze
D:2:      layout_loops_ring, basic_altar, chequers_garden

Skill      XL: |  1  2 |
---------------+-------+-----
Axes           | 1 2 |  2.0
Fighting       | 1 |  1.5
Short Blades   | |  0.8
Dodging        | |  1.7
Stealth        | |  2.1
Spellcasting   | |  2.4
Hexes          | |  2.6

Action                   || total
-------------------------++-------
Melee: Club              ||    91
       Hand axe          ||    23
       Punch             ||     2
  Use: Scroll            ||     6
 Stab: Sleeping          ||     1
Armor: Robe              ||    36
Dodge: Dodged            ||    60

Table legend:
 A = Non-vault XP
 B = Vault XP
 C = Vault XP percentage of total XP
 D = Non-vault monster count
 E = Vault monster count
 F = Vault count percentage of total count
                 A         B        C        D         E       F
            +---------+---------+-------+---------+---------+-------
      Total |      32 |       0 |   0.0 |      17 |       0 |   0.0
            +---------+---------+-------+---------+---------+-------
        D:1 |      23 |       0 |   0.0 |      15 |       0 |   0.0
        D:2 |       9 |       0 |   0.0 |       2 |       0 |   0.0
            +---------+---------+-------+---------+---------+-------
